Map: Jagannatha LE

Players

KhalNayak

  • Race: Protoss Protoss
  • League: Gold
  • Spawn Location: 7:00

FLORENCIO - Winner!

  • Race: Zerg Zerg
  • Spawn Location: 1:00

VOD

Have the link to the VOD?

Description

Time

  • Played on: Jan. 14, 2021, 1:30 p.m.
  • Length: 11:40
Show
View Real Time Build Order
Export as new Build Order

KhalNayak Protoss 

Build Orders:  

Get SALT Encoding   

  12  0:00  Probe  
  13  0:12  Probe  
  14  0:17  Pylon  
  14  0:24  Probe (Chrono Boost)  
  15  0:37  Probe (Chrono Boost)  
  15  0:39  Gateway  
  16  0:44  Probe (Chrono Boost)  
  17  0:50  Assimilator  
  17  1:02  Probe  
  18  1:14  Probe  
  19  1:23  Gateway  
  19  1:27  Probe  
  19  1:29  Cybernetics Core  
  19  1:32  Pylon  
  20  1:37  Assimilator  
  20  1:39  Probe  
  21  1:41  Zealot (Chrono Boost)  
  23  1:51  Probe  
  24  2:03  Probe  
  25  2:10  Stalker (Chrono Boost)  
  25  2:13  Stalker (Chrono Boost)  
  25  2:15  Probe  
  30  2:19  Pylon  
  30  2:32  Twilight Council, Warp Gate (Chrono Boost), Probe  
  31  2:53  Probe  
  31  2:54  Pylon  
  32  3:04  Stalker x2  
  32  3:15  Probe  
  32  3:16  Forge  
  33  3:21  Charge  
  33  3:42  Stargate  
  33  3:45  Adept  
  35  4:00  Gateway  
  35  4:02  Pylon  
  35  4:45  Void Ray (Chrono Boost)  
  34  4:54  Robotics Facility  
  38  5:15  Void Ray  
  38  5:16  Stalker  
  38  5:17  Stalker  
  46  5:34  Probe  
  46  5:35  Pylon  
  47  5:53  Pylon, Observer  
  48  6:07  Forge  
  48  6:10  Probe  
  49  6:16  Stalker x3  
  55  6:22  Probe  
  56  7:05  Nexus  
  56  7:08  Pylon  
  56  7:09  Protoss Ground Weapons Level 1 (Chrono Boost)  
  56  7:10  Probe (Chrono Boost)  
  57  7:20  Probe (Chrono Boost), Shield Battery  
  57  7:21  Immortal  
  62  7:25  Probe (Chrono Boost)  
  62  7:27  Zealot x3  
  69  7:36  Probe  
  70  7:40  Pylon  
  70  7:44  Pylon  
  70  7:48  Probe  
  70  7:50  Pylon  
  71  8:00  Probe  
  72  8:13  Probe  
  72  8:35  Probe x2  
  72  8:38  Immortal (Chrono Boost)  
  78  8:43  Zealot x2  
  78  8:44  Zealot  
  78  8:47  Probe x2  
  86  9:00  Nexus  
  86  9:06  Probe  
  86  9:07  Pylon  
  87  9:26  Gateway  
  87  9:28  Probe, Shield Battery  
  87  9:30  Probe  
  89  9:31  Assimilator  
  89  9:41  Probe  
  89  9:42  Probe  
  90  9:53  Probe  
  91  10:01  Observer (Chrono Boost)  
  91  10:04  Zealot x2  
  91  10:05  Zealot  
  98  10:09  Probe  
  98  10:10  Probe  
  100  10:17  Assimilator, Probe  
  100  10:21  Pylon, Probe  
  101  10:27  Pylon  
  101  10:28  Gateway  
  100  10:29  Gateway  
  66  10:45  Zealot x4  
  46  11:00  Photon Cannon  
  46  11:01  Photon Cannon, Immortal (Chrono Boost)  
  50  11:13  Stalker x2  
  50  11:14  Stalker  
Show
View Real Time Build Order
Export as new Build Order

FLORENCIO Zerg - Winner!

Build Orders: Hatch First 

Get SALT Encoding   

  12  0:02  Drone  
  13  0:15  Drone  
  14  0:25  Overlord  
  14  0:46  Drone x3  
  17  0:58  Hatchery  
  17  1:00  Extractor  
  15  1:14  Spawning Pool  
  15  1:17  Drone  
  15  1:21  Drone  
  16  1:26  Drone  
  16  1:30  Drone  
  18  1:45  Drone  
  19  2:00  Hatchery  
  18  2:09  Drone x2  
  18  2:15  Queen  
  20  2:20  Zergling x2  
  23  2:32  Extractor  
  23  2:35  Zergling x2  
  23  2:37  Zergling x4  
  23  2:59  Drone x3  
  26  3:14  Overlord x2  
  26  3:20  Drone x2  
  26  3:22  Metabolic Boost  
  26  3:25  Drone x2  
  30  3:38  Drone  
  30  3:39  Drone  
  32  3:43  Spore Crawler  
  32  3:46  Spore Crawler  
  30  3:51  Drone x2  
  30  3:52  Queen  
  34  3:56  Queen  
  36  4:20  Drone x6  
  42  4:46  Drone  
  42  4:48  Extractor, Overlord x3  
  42  4:50  Extractor  
  41  4:52  Lair  
  41  4:57  Roach Warren  
  38  5:32  Drone x12  
  50  5:52  Hydralisk Den  
  49  6:06  Pneumatized Carapace  
  49  6:07  Overlord  
  49  6:28  Hydralisk x9  
  67  6:48  Grooved Spines  
  67  6:49  Overlord  
  67  6:50  Overlord x3  
  67  7:12  Hydralisk  
  67  7:13  Hydralisk x5  
  79  7:27  Hydralisk x4  
  87  7:34  Hatchery  
  86  7:38  Hatchery  
  85  7:48  Hydralisk  
  85  7:49  Hydralisk x3  
  93  7:52  Hydralisk  
  93  7:55  Hydralisk x2  
  93  7:56  Drone  
  100  8:09  Overlord x2  
  100  8:12  Muscular Augments  
  100  8:32  Hydralisk x6  
  112  8:40  Hydralisk x2  
  116  8:42  Nydus Network  
  116  8:47  Overlord x2  
  115  8:53  Hydralisk x5  
  125  8:56  Hydralisk  
  127  9:18  Hydralisk x6  
  127  9:23  Nydus Canal  
  139  9:28  Hydralisk  
  139  9:29  Hydralisk  
  143  9:37  Overlord  
  143  9:38  Overlord  
  143  9:43  Nydus Canal  
  143  10:03  Hydralisk  
  143  10:04  Hydralisk x4  
  153  10:18  Hydralisk  
  153  10:19  Hydralisk x2  
  159  10:27  Hydralisk x2  
  155  10:41  Hydralisk x3  
  147  10:48  Hydralisk x2  
  143  10:54  Hydralisk  
  145  11:08  Nydus Canal  
  145  11:13  Hydralisk x4  
Tags
 
League
Gold
Matchup
PvZ
Spawn Locations
Cross Positions
Add a new tag
Caveats
  • Supply blocks, unpowered buildings, or Contaminate may cause inaccurate times.
  • Supply counts are checked every 10 seconds.